 Dungeon Crawl Stone Soup version 0.21.1-1-g345015fe64 (webtiles) character file.

301 CaptDreibein the Chopper (level 6, -1/47 HPs)
             Began as a Demonspawn Gladiator on June 17, 2018.
             Slain by ghte's ghost (10 damage)
             ... on level 3 of the Dungeon.
             The game lasted 00:10:58 (2251 turns).

CaptDreibein the Chopper (Demonspawn Gladiator)     Turns: 2251, Time: 00:10:58

Health: -1/47      AC: 12    Str: 16    XL:     6   Next: 14%
Magic:  6/6        EV: 11    Int: 17    God:
Gold:   127        SH:  0    Dex: 15    Spells: 5/5 levels left

rFire    . . .     SeeInvis .   j - +0 battleaxe
rCold    . . .     Gourm    .   (shield currently unavailable)
rNeg     . . .     Faith    .   s - +1 scale mail
rPois    .         Spirit   .   e - +2 helmet {Int+3}
rElec    .         Reflect  .   (no cloak)
rCorr    .         Harm     .   (no gloves)
MR       .....                  (no boots)
Stlth    ..........             (no amulet)
HPRegen  0.15/turn              (no ring)
MPRegen  0.10/turn              (no ring)

@: brilliant
A: talons 1, molten scales 1, powered by death 1
a: no special abilities


You were on level 3 of the Dungeon.
You were not hungry.

You visited 1 branch of the dungeon, and saw 3 of its levels.

You collected 127 gold pieces.

Inventory:

Hand Weapons
 j - a +0 battleaxe (weapon)
Missiles
 d - 3 throwing nets (quivered)
 p - 8 tomahawks
Armour
 e - a +2 helmet of intelligence (worn)
 s - a +1 scale mail (worn)
Wands
 r - a wand of disintegration (19)
Scrolls
 a - a scroll of blinking {unknown}
 g - a scroll of teleportation {unknown}
 l - a scroll of immolation {unknown}
 n - 2 scrolls of enchant armour
 o - a scroll of identify {unknown}
Potions
 b - a potion of haste {unknown}
 c - a potion of degeneration {unknown}
 i - a potion of brilliance
 k - a potion of lignification {unknown}
 m - a potion of resistance {unknown}
 q - a potion of heal wounds {unknown}
 t - a potion of curing {unknown}
Comestibles
 f - 7 rations
 h - 15 chunks of flesh


   Skills:
 + Level 3.3 Fighting
 + Level 4.7 Axes
 + Level 2.0 Throwing
 + Level 1.7 Armour
 + Level 3.4 Dodging
 + Level 0.4 Stealth


You had 5 spell levels left.
You didn't know any spells.

Dungeon Overview and Level Annotations

Branches:
Dungeon (3/15)

Altars:
Fedhas
Kikubaaqudgha
Xom

Annotations:
D:3 ghte's ghost, amateur MiFi


Innate Abilities, Weirdness & Mutations

You have sharp toenails.
You are partially covered in molten scales. (AC +2)
You regenerate a little health from kills.


Message History

You are too injured to fight recklessly!
You are too injured to fight recklessly!
You are too injured to fight recklessly!
You are too injured to fight recklessly!
You barely miss ghte's ghost.
Ghte's ghost is severely damaged.
Ghte's ghost hits you but does no damage.
You closely miss ghte's ghost.
You claw ghte's ghost, but do no damage.
Ghte's ghost is severely damaged.
Ghte's ghost barely misses you. Ghte's ghost closely misses you.
You slash ghte's ghost!
You claw ghte's ghost, but do no damage.
Ghte's ghost is almost destroyed.
Ghte's ghost hits you!
* * * LOW HITPOINT WARNING * * *
It was a potion of brilliance.
You feel clever all of a sudden. Ghte's ghost hits you!
You die...

########.###.#
.# #.# #.# #.#
.# #.# #.# #?#
.### ..#
#.###.###
..P####.<.
#.#.....#
.....P#...
#.#.....##
..P._P#..
#.#......##
.##...#
#.#.......#
..#####
#.'..@W(..#
....#
###....)..#
....###
####'#......
.......
..'......
.....##
#.#......
.....#
#.'......
.....# ###
..... ####.#
### ..... #.#
#..


You could see ghte's ghost.

Vanquished Creatures
  An orc wizard (D:3)
  Natasha (twice) (D:3)
  Terence (D:3)
  Ijyb (D:3)
  Robin (D:3)
  3 adders
  2 oozes
  4 worms
  3 dart slugs
  A leopard gecko (D:2)
  7 orcs (D:3)
  8 bats
  5 giant cockroaches
  18 hobgoblins
  9 jackals
  11 kobolds
  3 ball pythons
  5 frilled lizards
  14 goblins
  4 rats
103 creatures vanquished.

Notes
Turn   | Place    | Note
-------+----------+-------------------------------------------
     0 | D:1      | CaptDreibein the Demonspawn Gladiator began the quest for the Orb.
     0 | D:1      | Reached XP level 1. HP: 16/16 MP: 1/1
   153 | D:1      | Reached skill level 3 in Axes
   153 | D:1      | Gained mutation: You have sharp toenails. [demonic ancestry]
   153 | D:1      | Reached XP level 2. HP: 22/22 MP: 2/2
   493 | D:1      | Reached XP level 3. HP: 27/28 MP: 3/3
  1237 | D:2      | Gained mutation: You are partially covered in molten scales. (AC +2) [demonic ancestry]
  1237 | D:2      | Reached XP level 4. HP: 31/34 MP: 4/4
  1573 | D:3      | Noticed Ijyb
  1580 | D:3      | Killed Ijyb
  1788 | D:3      | Reached skill level 4 in Axes
  1788 | D:3      | Gained mutation: You regenerate a little health from kills. [demonic ancestry]
  1788 | D:3      | Reached XP level 5. HP: 39/41 MP: 5/5
  1848 | D:3      | Noticed Robin
  1855 | D:3      | Killed Robin
  1864 | D:3      | Reached skill level 1 in Armour
  1975 | D:3      | Found a shimmering altar of Xom.
  2061 | D:3      | Noticed Terence
  2067 | D:3      | Noticed Natasha
  2070 | D:3      | Killed Terence
  2075 | D:3      | Killed Natasha
  2171 | D:3      | Found an ancient bone altar of Kikubaaqudgha.
  2172 | D:3      | Found a blossoming altar of Fedhas.
  2209 | D:3      | Noticed Natasha
  2214 | D:3      | Killed Natasha
  2214 | D:3      | Reached XP level 6. HP: 35/47 MP: 6/6
  2230 | D:3      | Noticed ghte's ghost (amateur MiFi)
  2251 | D:3      | Slain by ghte's ghost

Skill      XL: |  1  2  3  4  5 |
---------------+----------------+-----
Axes           | 3 4 |  4.7
Dodging        | 3 |  3.4
Throwing       | 2 |  2.0
Fighting       | 3 |  3.3
Armour         | 1 |  1.7
Stealth        | |  0.4

Action                   |  1- 3 |  4- 6 || total
-------------------------+-------+-------++-------
Melee: War axe           |    96 |    80 ||   176
       Kick              |    17 |    39 ||    56
       Battleaxe         |       |    50 ||    50
  Use: Scroll            |       |     2 ||     2
       Potion            |       |     1 ||     1
  Eat: Chunk             |     1 |     4 ||     5
Armor: Leather armour    |    22 |     2 ||    24
       Scale mail        |       |    61 ||    61
Dodge: Dodged            |    93 |    93 ||   186
